 Dungeon Crawl Stone Soup version 0.24.0-125-gc4c63601f3 (webtiles) character file.

Game seed: 14143473339151420769, levelgen mode: deterministic

257 Baddecisions the Skirmisher (level 6, -12/52 HPs)
             Began as a Human Fighter on Feb 21, 2020.
             Mangled by Menkaure (19 damage)
             ... in an ossuary.
             The game lasted 00:12:32 (3034 turns).

Baddecisions the Skirmisher (Human Fighter)         Turns: 3034, Time: 00:12:32

Health: -12/52     AC:  7    Str: 17    XL:     6   Next: 39%
Magic:  6/6        EV:  9    Int: 10    God:
Gold:   193        SH:  0    Dex: 14    Spells: 5/5 levels left

rFire    . . .     SeeInvis .   v - +3 dagger
rCold    . . .     Gourm    .   (no shield)
rNeg     . . .     Faith    .   b - +0 scale mail
rPois    .         Spirit   .   (no helmet)
rElec    .         Reflect  .   (no cloak)
rCorr    .         Harm     .   (no gloves)
MR       .....                  i - +0 pair of boots
Stlth    ..........             m - amulet of rage
HPRegen  0.17/turn              l - +2 ring of dexterity
MPRegen  0.10/turn              (no ring)

@: no status effects
A: no striking features
a: Evoke Berserk Rage


You were in an ossuary.
You were not hungry.

You visited 1 branch of the dungeon, and saw 4 of its levels.
You also visited: Ossuary.

You collected 193 gold pieces.

Inventory:

Hand Weapons
 a - a +0 long sword
 v - a +3 dagger (weapon)
Missiles
 e - 5 curare-tipped darts (quivered)
Armour
 b - a +0 scale mail (worn)
 c - a +0 shield
 i - a +0 pair of boots (worn)
Jewellery
 l - a +2 ring of dexterity (left hand)
 m - an amulet of rage (around neck)
Scrolls
 j - 3 scrolls of remove curse
 p - a scroll of teleportation {unknown}
 q - a scroll of blinking {unknown}
 r - a scroll of fear {unknown}
 s - 2 scrolls of amnesia {unknown}
 w - a scroll of magic mapping {unknown}
 x - a scroll of identify
Potions
 d - 2 potions of might
 g - a potion of brilliance
 k - a potion of magic {unknown}
 n - 2 potions of lignification {unknown}
 o - a potion of heal wounds {unknown}
 t - a potion of cancellation {unknown}
 u - a potion of flight {unknown}
Comestibles
 f - 4 rations


   Skills:
 * Level 5.8 Fighting
 + Level 3.8 Long Blades
 - Level 3.0 Armour
 - Level 3.0 Shields


You had 5 spell levels left.
You didn't know any spells.
Your spell library was empty.

Dungeon Overview and Level Annotations

Branches:
Dungeon (4/15)            Ossuary (1/1)
 Temple: D:4-7

Altars:
Cheibriados

Annotations:
Ossuary Menkaure


Message History

Menkaure calls on the powers of darkness!
Your body is wracked with pain!
Menkaure gestures at you while chanting.
Pain shoots through your body!
You hit Menkaure.
Menkaure is lightly damaged.
Menkaure hits you.
You completely miss Menkaure.
Menkaure is lightly damaged.
Menkaure closely misses you.
You hit Menkaure.
Menkaure is moderately damaged.
You hit Menkaure.
Menkaure is heavily damaged.
Menkaure hits you!
* * * LOW HITPOINT WARNING * * *
You completely miss Menkaure.
Menkaure is heavily damaged.
Menkaure hits you!!
You die...

##..######.^## ##.^##....##..##
##..##..##..##..##
##..##..####^.##^.##
##^.##..######^.##..##
##..##..##^...##..##..##
##..##..##..##..##..##..#
##..##..##..####..##^.##..
##..##..##@.##?!##..##..##^
##..##..##M^##!.!M##..##..##
##..##..##..## ..?.?##..##..#
##..##..##.^## ?Z∩Z..##..##..
##..##..##.^## .??.^M^##..##.
##.^##..##..## .!.^.^.^##..##
##..##..##..##############M'##^.#
#..##.^##........M...^...^...##^.
..##^.##########################.


You could see Menkaure.

Vanquished Creatures
  A hound (D:4)
  A bullfrog skeleton (D:4)
  Terence (D:2)
  A worker ant (D:4)
  A mummy (Ossuary)
  2 adders (D:3)
  An ooze (D:1)
  A worm (D:3)
  3 dart slugs
  5 orcs (D:3)
  3 ball pythons (D:1)
  3 giant cockroaches
  3 gnoll zombies (Ossuary)
  11 goblins
  3 hobgoblins (D:1)
  7 jackals
  2 quokkas (D:3)
  9 bats
  5 frilled lizards
  3 gnoll skeletons (Ossuary)
  3 goblin skeletons (Ossuary)
  5 goblin zombies (Ossuary)
  2 hobgoblin skeletons (Ossuary)
  3 hobgoblin zombies (Ossuary)
  7 kobolds
  4 kobold skeletons (Ossuary)
  7 kobold zombies
  A leopard gecko skeleton (D:4)
  4 orc skeletons (Ossuary)
  3 orc zombies (Ossuary)
  6 rats
  4 rat skeletons (Ossuary)
  2 rat zombies (Ossuary)
117 creatures vanquished.

Vanquished Creatures (others)
  A giant cockroach (D:1)
  A jackal (D:1)
  2 goblin zombies (Ossuary)
  2 hobgoblin skeletons (Ossuary)
  An orc skeleton (Ossuary)
  An orc zombie (Ossuary)
8 creatures vanquished.

Grand Total: 125 creatures vanquished

Notes
Turn   | Place    | Note
-------+----------+-------------------------------------------
     0 | D:1      | Baddecisions the Human Fighter began the quest for the Orb.
     0 | D:1      | Reached XP level 1. HP: 18/18 MP: 1/1
    14 | D:1      | Reached XP level 2. HP: 24/24 MP: 2/2
   144 | D:1      | Reached XP level 3. HP: 26/30 MP: 3/3
   355 | D:1      | Reached skill level 4 in Fighting
   775 | D:2      | Reached XP level 4. HP: 37/37 MP: 4/4
   821 | D:2      | Found a snail-covered altar of Cheibriados.
   840 | D:2      | Noticed Terence
   866 | D:2      | Killed Terence
  1562 | D:3      | Reached XP level 5. HP: 43/43 MP: 5/5
  2005 | D:3      | Reached skill level 5 in Fighting
  2122 | D:4      | Reached XP level 6. HP: 19/51 MP: 6/6
  2252 | D:4      | Found a sand-covered staircase.
  2263 | D:4      | Noticed an ogre
  2272 | Ossuary  | Entered an ossuary
  2713 | Ossuary  | Noticed Menkaure
  2718 | Ossuary  | HP: 1/52 [Menkaure/nerve-wracking pain (14)]
  3034 | Ossuary  | Mangled by Menkaure

Levels and vault maps discovered:
D:1:      onia_arrival_handbag, layout_basic, lemuel_another_geyser
D:2:      layout_rooms, kennysheep_slug_shrine, uniq_terence
D:3:      layout_loops_cross, kennysheep_generic_room_10
D:4:      layout_cave_pools, first_ration, enter_ossuary_3, serial_shops, shop
Ossuary:  ossuary_due_pyramid

Skill      XL: |  1  2  3  4  5 |
---------------+----------------+-----
Fighting       | 4 5 |  5.8
Long Blades    | 3 |  3.8
Armour         | |  3.0
Shields        | |  3.0

Action                   |  1- 3 |  4- 6 || total
-------------------------+-------+-------++-------
Melee: Long sword        |   107 |    64 ||   171
       Dagger            |       |   223 ||   223
  Use: Potion            |       |     5 ||     5
       Scroll            |       |     2 ||     2
  Eat: Chunk             |       |     5 ||     5
       Ration            |       |     1 ||     1
Armor: Scale mail        |    57 |    98 ||   155
Dodge: Dodged            |    60 |   109 ||   169
       Rpst.: Long sword |    20 |     9 ||    29
